AoeStats
← AimbotV.3

Arabia

503492901Analyzed
4v4 RM · 1mo ago on Aug 31, 2026· 62m 28s· 8 players
Game mode
Random Map
Map size
Large (8 player)
Population
200
Speed
Normal
Resources
Standard
Victory
Conquest
Starting age
Dark Age
Ending age
Imperial Age
RankedLock teamsTeams togetherTeam positionsShared explorationLock speedFull tech treeHidden civsTurbo modeCheats
Victory
Defeat
🇦🇷 Bohemians · Argentina
880
+11
🇧🇷 Romans · Brazil
852
+12
🇺🇸 Japanese · United States
770
+16
🇪🇸 Gurjaras · Spain
736
+17
🇺🇸 Ethiopians · United States
815
-16
🇯🇴 Teutons · Jordan
757
-14
🇯🇴 Teutons · Jordan
747
-13
🇦🇷 Mongols · Argentina
737
-13
ianxpresso
4:55 Loom
8:48 Feudal Age
9:56 Double-Bit Axe
11:30 Horse Collar
17:45 Castle Age
16:27 Stone Mining
17:04 Gold Mining
19:15 Gold Shaft Mining
19:27 Wheelbarrow
21:25 Bow Saw
23:25 Fletching
23:36 Padded Archer Armor
24:06 Heavy Plow
25:25 Fervor
27:37 Hand Cart
27:17 Pikeman
28:56 Thumb Ring
32:05 Bodkin Arrow
32:26 Leather Archer Armor
32:52 Ballistics
32:27 Murder Holes
34:05 Forging
33:56 Scale Mail Armor
37:30 Imperial Age
34:47 Town Watch
37:46 Husbandry
37:58 Bloodlines
37:08 Light Cavalry
38:23 Town Patrol
38:54 Parthian Tactics
38:34 Bracer
39:04 Ring Archer Armor
40:33 Two-Man Saw
39:53 Cavalier
41:08 Heavy Cavalry Archer
41:44 Elite Skirmisher
42:36 Elite Samurai
45:52 Conscription
45:54 Kataparuto
45:37 Yasama
45:29 Treadmill Crane
46:00 Fortified Wall
45:48 Man-at-Arms
45:48 Halberdier
47:07 Ring Archer Armor
48:02 Hoardings
49:20 Chain Mail Armor
49:45 Halberdier
50:19 Halberdier
51:52 Iron Casting
51:48 Plate Mail Armor
54:25 Blast Furnace
53:55 Plate Mail Armor
53:22 Heavy Scorpion
Healthy girl
11:11 Feudal Age
12:48 Double-Bit Axe
17:17 Castle Age
21:44 Wheelbarrow
24:15 Bow Saw
26:41 Fletching
27:42 Bodkin Arrow
32:42 Imperial Age
30:30 Pikeman
31:21 Forging
31:11 Scale Mail Armor
31:59 Scale Mail Armor
34:05 Iron Casting
34:02 Arson
41:32 Blast Furnace
42:56 Chemistry
42:51 Halberdier
44:46 Murder Holes
46:13 Bracer
48:36 Chain Mail Armor
51:53 Plate Mail Armor
61:32 Padded Archer Armor
61:55 Ballistics
61:49 Caravan
62:30 Hand Cart
62:01 Loom
| LEON | SAPULHA
0:28 Loom
13:48 Feudal Age
19:59 Castle Age
18:41 Horse Collar
20:48 Double-Bit Axe
21:07 Gold Mining
24:34 Gold Shaft Mining
25:19 Pikeman
26:30 Man-at-Arms
27:10 Squires
28:31 Stone Mining
29:54 Long Swordsman
32:11 Wheelbarrow
36:45 Imperial Age
34:29 Heavy Plow
34:55 Ballistas
37:12 Capped Ram
40:32 Chemistry
39:42 Fortified Wall
40:02 Scale Mail Armor
40:13 Forging
39:40 Heavy Scorpion
41:15 Chain Mail Armor
41:39 Halberdier
43:25 Iron Casting
44:00 Comitatenses
44:00 Conscription
43:17 Siege Ram
44:24 Legionary
48:11 Blast Furnace
60:49 Town Watch
aitorpevi
3:41 Loom
11:53 Feudal Age
13:20 Double-Bit Axe
15:35 Gold Mining
19:31 Castle Age
18:03 Horse Collar
19:09 Stone Mining
23:43 Stone Shaft Mining
23:38 Heavy Plow
24:27 Town Watch
28:54 Wheelbarrow
28:19 Town Patrol
31:11 Bloodlines
31:03 Husbandry
31:22 Forging
36:07 Imperial Age
34:32 Kshatriyas
35:10 Fletching
35:27 Scale Barding Armor
35:58 Iron Casting
39:56 Chain Barding Armor
39:33 Bodkin Arrow
39:43 Padded Archer Armor
40:30 Frontier Guards
40:37 Heavy Camel Rider
42:43 Elite Chakram Thrower
44:15 Hand Cart
45:38 Conscription
AimbotV.3
7:04 Loom
14:14 Feudal Age
14:48 Horse Collar
15:00 Double-Bit Axe
16:33 Gold Mining
16:34 Stone Mining
18:44 Wheelbarrow
26:48 Castle Age
29:06 Stone Shaft Mining
30:03 Hand Cart
31:18 Hand Cart
33:58 Crossbowman
38:49 Heavy Plow
43:59 Elite Skirmisher
47:45 Imperial Age
48:36 Bow Saw
47:57 Cavalier
49:28 Paladin
seraj
11:13 Feudal Age
12:50 Double-Bit Axe
18:10 Castle Age
19:13 Bow Saw
18:44 Horse Collar
19:36 Bloodlines
20:37 Loom
23:38 Wheelbarrow
25:35 Hand Cart
30:57 Gold Mining
33:32 Forging
33:28 Scale Barding Armor
33:23 Scale Mail Armor
37:57 Imperial Age
35:40 Elite Skirmisher
37:07 Stone Mining
39:49 Iron Casting
39:35 Chain Barding Armor
42:25 Blast Furnace
47:32 Heavy Plow
48:30 Elite Teutonic Knight
Mr.Hail
5:10 Loom
12:12 Feudal Age
13:48 Wheelbarrow
14:10 Horse Collar
14:47 Double-Bit Axe
21:19 Castle Age
20:26 Scale Barding Armor
22:28 Hand Cart
22:31 Forging
26:11 Fletching
27:17 Husbandry
28:04 Chain Barding Armor
30:38 Heavy Plow
31:24 Gold Mining
32:56 Iron Casting
33:50 Bodkin Arrow
33:56 Padded Archer Armor
36:32 Gold Shaft Mining
36:08 Scale Mail Armor
36:56 Town Watch
37:38 Squires
38:34 Arson
39:14 Chain Mail Armor
43:21 Imperial Age
42:37 Royal Heirs
43:39 Town Patrol
44:27 Conscription
44:42 Bow Saw
43:58 Elite Shotel Warrior
45:21 Plate Mail Armor
47:16 Blast Furnace
45:51 Heavy Camel Rider
48:43 Two-Man Saw
51:18 Thumb Ring
50:33 Crossbowman
52:09 Bracer
52:25 Leather Archer Armor
53:12 Fortified Wall
53:00 Murder Holes
53:18 Masonry
53:21 Fortified Wall
53:13 Arbalester
57:26 Ballistics
61:10 Chemistry
GAZ
6:51 Loom
15:04 Feudal Age
15:50 Double-Bit Axe
17:00 Wheelbarrow
19:49 Stone Mining
19:53 Gold Mining
19:48 Horse Collar
25:51 Castle Age
25:58 Bloodlines
25:56 Scale Barding Armor
25:53 Scale Mail Armor
26:04 Forging
26:50 Husbandry
28:36 Chain Mail Armor
29:58 Chain Barding Armor
29:58 Squires
29:45 Arson
29:25 Man-at-Arms
31:18 Heavy Plow
33:03 Hand Cart
39:13 Padded Archer Armor
39:04 Fletching
39:50 Iron Casting
40:33 Stone Shaft Mining
40:34 Gold Shaft Mining
40:38 Bow Saw
40:14 Elite Skirmisher
41:04 Thumb Ring
41:22 Leather Archer Armor
41:03 Bodkin Arrow
41:01 Pikeman
47:15 Imperial Age
Connection lost

Rejoining the realm…

Still unreachable

The connection could not be restored.

Session expired

The server has moved on; the page needs a fresh start.